 Dungeon Crawl Stone Soup version 0.31-a0-354-g827e0957a7 (webtiles) character file.

Game seed: 2470747055127011982

7 HallandMoats the Trooper (level 1, 0/15 (18) HPs)
             Began as a Demonspawn Monk on July 23, 2023.
             Slain by a kobold
             ... wielding a +4 whip of draining
              (1 damage)
             ... on level 1 of the Dungeon.
             The game lasted 00:00:22 (160 turns).

HallandMoats the Trooper (Demonspawn Monk)           Turns: 160, Time: 00:00:24

HP:   0/15 (18)     AC:  2    Str: 11    XL:     1   Next: 83%
MP:   2/2           EV: 12    Int: 11    God:
Gold: 21            SH:  0    Dex: 15    Spells: 0/0 levels left

rFire   . . .        a - +0 hand axe
rCold   . . .        d - orb {light}
rNeg    . . .        b - +0 robe
rPois   .            (no helmet)
rElec   .            (no cloak)
rCorr   .            (no gloves)
SInv    .            (no boots)
Will    .....        (no amulet)
Stlth   +            (no ring)
HPRegen 0.22/turn    (no ring)
MPRegen 0.08/turn

%: no passive effects
@: glowing, heavily drained
A: no striking features
a: no special abilities


You were on level 1 of the Dungeon.
You visited 1 branch of the dungeon, and saw 1 of its levels.

You collected 21 gold pieces.

Inventory:

Hand Weapons
 a - a +0 hand axe (weapon)
Armour
 b - a +0 robe (worn)
 d - an orb of light (worn)
Scrolls
 e - 4 scrolls of identify {unknown}
Potions
 c - a potion of ambrosia


   Skills:
 + Level 3.2 Fighting
 - Level 2.6 Axes
 - Level 2.6 Dodging
 + Level 1.3 Invocations


You couldn't memorise any spells.
You didn't know any spells.
Your spell library was empty.

Dungeon Overview and Level Annotations

Branches:
Dungeon (1/15)

Altars:


Message History

You hit the kobold.
You kill the kobold!
Things that are here:
a +0 dagger; 2 stones HP restored.
Things that are here:
a +0 dagger; 2 stones
e - 3 scrolls labelled YTESEY TILUZ A rat comes into view.
Found a scroll labelled YTESEY TILUZ.
A rat is nearby!
A rat is nearby!
A rat is nearby!
The rat closely misses you.
You hit the rat but do no damage. The rat bites you.
You hit the rat but do no damage. The rat bites you but does no damage.
You hit the rat.
You kill the rat!
You see here a rat corpse.
Magic restored.
e - 4 scrolls labelled YTESEY TILUZ (gained 1)
A kobold comes into view. It is wielding a +4 whip of draining.
Found a cyan potion.
A kobold is nearby!
A kobold is nearby!
A kobold is nearby!
The kobold hits you with a +4 whip of draining.
You feel drained.
You hit the kobold.
The kobold is moderately wounded.
The kobold hits you with a +4 whip of draining.
You feel drained.
You barely miss the kobold.
The kobold is moderately wounded.
The kobold closely misses you.
The kobold hits you with a +4 whip of draining!
Ouch! That really hurt!
* * * LOW HITPOINT WARNING * * *
You feel drained.
You die...

### ##.. +..# #.## #..##
# ######### #...##.#
#.......###.#.@..#
#...........#..K..#
#..†....#####.#...#
#######.#.....#.!..#
######.#.#####.....#
####..................#
..##........#####...#...
..##........# ...#.#.
..##........#


You could see a kobold.

Vanquished Creatures
  A giant cockroach (D:1)
  A hobgoblin (D:1)
  A ball python (D:1)
  2 kobolds (D:1)
  2 rats (D:1)
7 creatures vanquished.

Notes
Turn   | Place    | Note
-------+----------+-------------------------------------------
     0 | D:1      | HallandMoats the Demonspawn Monk began the quest for the
                  | Orb.
     0 | D:1      | Reached XP level 1. HP: 18/18 MP: 1/1
    42 | D:1      | Reached skill level 1 in Invocations
   160 | D:1      | Slain by a kobold

Illustrated notes

Levels and vault maps discovered:
D:1:      dpeg_arrival_ternary, layout_basic, wad_floor_pattern_untrapped,
          chequers_serial_rivers_marsh

Skill      XL: |  1 |
---------------+----+-----
Invocations    | 1 |  1.3
Fighting       | |  3.2
Axes           | |  2.6
Dodging        | |  2.6

Action                     || total
---------------------------++-------
  Melee: Hand axe          ||    17
 Armour: Robe              ||     3
  Dodge: Dodged            ||    19

Table legend: (Time is in decaauts)
 A = Elapsed time spent in this place.
 B = Non-inter-level travel time spent in this place.
 C = Inter-level travel time spent in this place.
 D = Time resting spent in this place.
 E = Time spent auto-exploring this place.
 F = Levels seen in this place.
 G = Mean time per level.
                   A        B        C        D        E       F      G
               +--------+--------+--------+--------+--------+-----+--------+
         Total |    162 |    162 |      0 |      0 |    119 |   1 |  162.0 |
       Dungeon |    162 |    162 |      0 |      0 |    119 |   1 |  162.0 |
               +--------+--------+--------+--------+--------+-----+--------+

Top non-repeatable levels by time:
     D:1: 162 daAuts
